 Dungeon Crawl Stone Soup version 0.31-a0-854-g362426d53f (webtiles) character file.

Game seed: 17897844631367584775

1576 Shayle the Trooper (level 8, -2/97 HPs)
             Began as a Demonspawn Warper on Oct 8, 2023.
             Slain by Joseph
             ... wielding a +0 quarterstaff
              (6 damage)
             ... on level 7 of the Dungeon on Oct 9, 2023.
             The game lasted 00:14:30 (5554 turns).

Shayle the Trooper (Demonspawn Warper)              Turns: 5554, Time: 00:14:31

Health: -2/97      AC: 24    Str: 12    XL:     8   Next: 60%
Magic:  16/16      EV:  2    Int: 17    God:
Gold:   419        SH:  0    Dex: 12    Spells: 15/18 levels left

rFire   . . .        q - +0 quarterstaff (spect)
rCold   . . .        (shield currently unavailable)
rNeg    . . .        A - melded +1 ring mail of Joy {Dex+3}
rPois   +            (helmet currently unavailable)
rElec   .            (cloak currently unavailable)
rCorr   .            u - melded +0 pair of gloves
SInv    .            n - melded +0 pair of boots
Will    .....        (no amulet)
Stlth   +            (no ring)
HPRegen 0.36/turn    (no ring)
MPRegen 0.15/turn

%: no passive effects
@: tree-form, marked
A: stationary, stasis, torment immunity, boosted hp, (hooves 1), (molten scales
2), condensation shield, demonic magic 1
a: no special abilities


You were on level 7 of the Dungeon.
You were a tree.
You visited 1 branch of the dungeon, and saw 7 of its levels.

You collected 419 gold pieces.

Inventory:

Hand Weapons
 h - a +1 dagger of draining
 q - a +0 spectral quarterstaff (weapon)
Missiles
 d - 10 darts of dispersal (quivered)
 v - 3 poisoned darts
Armour
 a - a +0 buckler
 b - a +1 buckler of protection
 n - a +0 pair of boots (melded)
 u - a +0 pair of gloves (melded)
 A - the +1 ring mail of Joy (melded) {Dex+3}
   (You found it on level 5 of the Dungeon)

   Dex+3:     It affects your dexterity (+3).
Jewellery
 r - a ring of fire
 E - an amulet of reflection
Wands
 s - a wand of iceblast (6)
 B - a wand of flame (15)
Scrolls
 c - a scroll of blinking
 e - a scroll of brand weapon {unknown}
 f - 5 scrolls of identify
 g - a scroll of enchant weapon {unknown}
 i - 2 scrolls of enchant armour {unknown}
 j - 2 scrolls of teleportation {unknown}
 m - a scroll of vulnerability {unknown}
 y - a scroll of revelation {unknown}
Potions
 k - 3 potions of degeneration
 l - 3 potions of enlightenment
 o - 2 potions of curing
 t - a potion of resistance {unknown}
 w - a potion of mutation {unknown}
 x - 2 potions of invisibility {unknown}
 z - a potion of cancellation {unknown}
 C - a potion of heal wounds {unknown}
 D - a potion of haste {unknown}


   Skills:
 + Level 6.3 Fighting
 - Level 1.7 Polearms
 - Level 0.8 Throwing
 + Level 5.4 Armour
 - Level 1.7 Dodging
 + Level 5.8 Spellcasting
 + Level 1.3 Conjurations
 - Level 2.6 Translocations
 + Level 1.1 Air Magic
 + Level 1.2 Poison Magic


You had 15 spell levels left.
You knew the following spells:

 Your Spells              Type           Power      Damage    Failure   Level
a - Mephitic Cloud        Conj/Pois/Air  9%         N/A       24%         3

Your spell library contained the following spells:

 Spells                   Type           Power      Damage    Failure   Level
 Blink                    Tloc           28%        N/A       7%          2
 Lesser Beckoning         Tloc           28%        N/A       7%          2
 Magic Dart               Conj           36%        1d4       8%          1
 Sting                    Tmut/Pois      28%        1d4       11%         1
 Poisonous Vapours        Pois/Air       16%        N/A       12%         2
 Teleport Other           Tloc           14%        N/A       13%         3
 Call Imp                 Summ           8%         N/A       21%         2
 Ensorcelled Hibernation  Hex/Ice        8%         N/A       21%         2
 Jinxbite                 Hex            8%         N/A       21%         2
 Volatile Blastmotes      Fire/Tloc      18%        2d11      22%         3
 Manifold Assault         Tloc           14%        N/A       41%         4
 Iskenderun's Mystic Bla  Conj/Tloc      11%        2d4       50%         4
 Vhi's Electric Charge    Tloc/Air       22%        N/A       52%         4
 Olgreb's Toxic Radiance  Pois           9%         N/A       61%         4
 Fulminant Prism          Conj/Hex       3%         3d5       69%         4
 Anguish                  Hex/Necr       2%         N/A       78%         4


Dungeon Overview and Level Annotations

Branches:
Dungeon (7/15)
 Temple: D:4-7

Altars:
Dithmenos
Gozag

Shops:
D:2 [

Annotations:
D:7 Joseph


Innate Abilities, Weirdness & Mutations

You are a tree.
Your roots penetrate the ground, keeping you stationary.
You cannot be teleported.
You are immune to unholy pain and torment.
Your maximum health is greatly increased.
Your equipment is partially melded.
((You have large cloven feet.))
((You are mostly covered in molten scales. (AC +3)))
A meltable shield of frost defends you. (SH +0)
Spells you cast may paralyse adjacent enemies.


Message History

The orc hits you but does no damage.
The bullfrog hits you but does no damage.
Unknown command.
You hit Joseph.
Joseph is moderately wounded.
Your +0 spectral quarterstaff hits Joseph.
The bullfrog hits you but does no damage.
Joseph hits you but does no damage. The orc hits you but does no damage.
The orc warrior hits you but does no damage.
The orc warrior hits your +0 spectral quarterstaff with a +0 hand axe!
Your spectral weapon shares its damage with you!
* * * LOW HITPOINT WARNING * * *
A scorpion comes into view.
The bullfrog hits you.
* * * LOW HITPOINT WARNING * * *
Unknown command.
You hit Joseph.
Joseph is moderately wounded.
Your +0 spectral quarterstaff hits Joseph.
The bullfrog hits you.
* * * LOW HITPOINT WARNING * * *
Joseph hits you but does no damage. The orc hits you but does no damage.
The orc warrior hits you but does no damage.
The orc warrior hits your +0 spectral quarterstaff with a +0 hand axe.
Your spectral weapon shares its damage with you!
* * * LOW HITPOINT WARNING * * *
The bullfrog hits you.
* * * LOW HITPOINT WARNING * * *
Unknown command.
You hit Joseph.
Joseph is moderately wounded.
Your +0 spectral quarterstaff hits Joseph!
The orc hits you with a +0 mace.
* * * LOW HITPOINT WARNING * * *
The orc warrior completely misses you. Joseph hits you with a +0 quarterstaff.
* * * LOW HITPOINT WARNING * * *
A kobold comes into view. It is wielding a +0 club.
The bullfrog hits you but does no damage.
Joseph hits you with a +0 quarterstaff.
You die...

o# ####.# #.# #....# #.#
#.##.# #.# ######.# .#
#.# .# ##...##o##.# #.#
#.# ####......o♣F.#.##.#
#.# ......(...@...K?##.#
#.#
####.....#..######.##
#.#
##....##s#####...#####.#
####.##.##............#
#.##.##.##.#..#.#..#
#.........###......#
####.##.##.#..#.#.##
#.##.# #.#.....#


You could see Joseph, an orc warrior (ally target), a bullfrog, a scorpion, an
orc, a kobold and a friendly +0 spectral quarterstaff.

Vanquished Creatures
  Menkaure (D:6)
  An ice beast (D:3)
  A black bear (D:5)
  A sky beast (D:5)
  2 ogres (D:4)
  2 centaurs (D:7)
  A phantom (D:6)
  4 scorpions
  3 sleepcaps
  An iguana (D:5)
  8 orc wizards
  3 gnolls
  7 adders
  A white imp (D:4)
  3 worms
  2 dart slugs
  17 orcs
  3 ball pythons
  10 endoplasms
  6 giant cockroaches
  12 goblins
  11 hobgoblins
  11 jackals
  5 kobolds
  9 quokkas
  2 bats
  5 frilled lizards
  7 rats
139 creatures vanquished.

Notes
Turn   | Place    | Note
-------+----------+-------------------------------------------
     0 | D:1      | Shayle the Demonspawn Warper began the quest for the Orb.
     0 | D:1      | Reached XP level 1. HP: 16/16 MP: 3/3
    53 | D:1      | Reached skill level 1 in Armour
   103 | D:1      | Gained mutation: You have large cloven feet. [demonic
                  | ancestry]
   103 | D:1      | Reached XP level 2. HP: 17/22 MP: 5/5
   659 | D:1      | Gained mutation: You are partially covered in molten
                  | scales. (AC +2) [demonic ancestry]
   659 | D:1      | Reached XP level 3. HP: 20/28 MP: 6/6
  1162 | D:2      | Found an opulent altar of Gozag.
  1248 | D:2      | Reached skill level 3 in Fighting
  1353 | D:2      | Reached XP level 4. HP: 33/35 MP: 8/8
  1539 | D:2      | Found Refiqy's Antique Armour Shop.
  2017 | D:3      | Noticed an ice beast
  2027 | D:3      | Killed an ice beast
  2028 | D:3      | Gained mutation: Spells you cast may paralyse adjacent
                  | enemies. [demonic ancestry]
  2028 | D:3      | Reached XP level 5. HP: 29/42 MP: 8/10
  2584 | D:3      | Reached XP level 6. HP: 48/48 MP: 11/11
  2612 | D:3      | Found an opulent altar of Gozag.
  2658 | D:4      | Found a shadowy altar of Dithmenos.
  2665 | D:4      | Reached skill level 4 in Fighting
  3375 | D:5      | Entered Level 5 of the Dungeon
  3427 | D:5      | Gained mutation: A meltable shield of frost defends you.
                  | (SH +0) [demonic ancestry]
  3427 | D:5      | Reached XP level 7. HP: 13/55 MP: 13/13
  3600 | D:5      | Identified the +1 ring mail of Joy {Dex+3}
  3767 | D:5      | Reached skill level 5 in Fighting
  4185 | D:5      | Reached skill level 5 in Spellcasting
  4246 | D:6      | Noticed Menkaure
  4259 | D:6      | Killed Menkaure
  4260 | D:6      | Gained mutation: You are mostly covered in molten scales.
                  | (AC +3) [demonic ancestry]
  4260 | D:6      | Reached XP level 8. HP: 22/64 MP: 15/15
  4532 | D:6      | Reached skill level 5 in Armour
  4715 | D:6      | Reached skill level 6 in Fighting
  4878 | D:6      | Learned a level 3 spell: Mephitic Cloud
  5427 | D:7      | Reached skill level 1 in Conjurations
  5432 | D:7      | Reached skill level 1 in Air Magic
  5432 | D:7      | Reached skill level 1 in Poison Magic
  5543 | D:7      | Noticed Joseph
  5554 | D:7      | HP: 4/97 [Joseph/+0 quarterstaff (4)]
  5554 | D:7      | Slain by Joseph

Illustrated notes

Levels and vault maps discovered:
D:1:      eino_arrival_druids_welcome, layout_rooms, serial_co_window_serial,
          co_window_paths_b, co_window_corner_a, co_window_of_opportunity_a,
          co_window_of_opportunity_a, co_window_paths_b, co_window_cross_1,
          co_window_corner_a, co_window_paths_a, co_window_of_opportunity_a,
          co_window_2corner, co_window_broadway_a, co_window_corner_b,
          co_window_broadway_b, glass_columns_b, glass_columns_b,
          glass_columns_a, minmay_pentomino_q4
D:2:      layout_basic, serial_shops, shop, basic_altar, minmay_joined_circles
D:3:      layout_basic, grunt_temple_overflow_gold_and_silver
D:4:      layout_basic, grunt_dithmenos_smoke_and_mirrors
D:5:      layout_rooms
D:6:      layout_basic, mainiacjoe_overflow_surrounded_room, uniq_menkaure
D:7:      layout_loops_ring, temple_hall, ebering_ghost_inner_flame, uniq_joseph

Skill      XL: |  1  2  3  4  5  6  7  8 |
---------------+-------------------------+-----
Armour         | 1 2 3 4 5 |  5.4
Fighting       | 3 4 5 6 |  6.3
Spellcasting   | 3 4 5 |  5.8
Conjurations   | 1 |  1.3
Air Magic      | 1 |  1.1
Poison Magic   | 1 |  1.2
Polearms       | |  1.7
Throwing       | |  0.8
Dodging        | |  1.7
Translocations | |  2.6

Action                     |  1- 3 |  4- 6 |  7- 9 || total
---------------------------+-------+-------+-------++-------
  Melee: Spear             |    36 |       |       ||    36
         Dagger            |    97 |    25 |       ||   122
         Kick              |    22 |       |       ||    22
         Quarterstaff      |       |   148 |   159 ||   307
  Throw: Dart              |       |       |     1 ||     1
    Use: Scroll            |       |     4 |       ||     4
         Potion            |       |       |     2 ||     2
   Stab: Distracted        |       |     2 |     2 ||     4
 Armour: Leather armour    |    55 |    91 |       ||   146
         Ring mail         |       |    22 |   205 ||   227
         Skin              |       |       |    18 ||    18
  Dodge: Dodged            |    77 |   111 |    99 ||   287
  Block: Other             |       |       |    15 ||    15

Table legend: (Time is in decaauts)
 A = Elapsed time spent in this place.
 B = Non-inter-level travel time spent in this place.
 C = Inter-level travel time spent in this place.
 D = Time resting spent in this place.
 E = Time spent auto-exploring this place.
 F = Levels seen in this place.
 G = Mean time per level.
                   A        B        C        D        E       F      G
               +--------+--------+--------+--------+--------+-----+--------+
         Total |   5633 |   5500 |    133 |    498 |   3523 |   7 |  804.7 |
       Dungeon |   5633 |   5500 |    133 |    498 |   3523 |   7 |  804.7 |
               +--------+--------+--------+--------+--------+-----+--------+

Top non-repeatable levels by time:
     D:6: 1208 daAuts
     D:2: 1100 daAuts
     D:1: 974 daAuts
     D:5: 843 daAuts
     D:4: 738 daAuts
     D:3: 598 daAuts
     D:7: 170 daAuts
